 Dungeon Crawl Stone Soup version 0.31-a0-1183-gd88bbb8b4d (webtiles) character file.

Game seed: 1363448715425591239

19 qw the Shooter (level 2, 0/17 HPs)
             Began as a Gargoyle Hunter on Dec 11, 2023.
             Slain by a jackal (1 damage)
             ... on level 1 of the Dungeon.
             The game lasted 00:00:10 (342 turns).

qw the Shooter (Gargoyle Hunter)                     Turns: 342, Time: 00:00:10

Health: 0/17       AC:  5    Str: 14    XL:     2   Next: 75%
Magic:  2/2        EV: 11    Int:  9    God:
Gold:   29         SH:  0    Dex: 13    Spells: 1/1 levels left

rFire   . . .        a - +0 shortbow
rCold   . . .        (shield currently unavailable)
rNeg    + . .        c - +0 leather armour
rPois   inf          (no helmet)
rElec   +            (no cloak)
rCorr   .            (no gloves)
SInv    .            (no boots)
Will    .....        (no amulet)
Stlth   +            (no ring)
HPRegen 0.22/turn    (no ring)
MPRegen 0.08/turn

%: no passive effects
@: no status effects
A: sickness immunity, AC +2, negative energy resistance 1, electricity
resistance, torment resistance 1, petrification resistance
a: no special abilities


You were on level 1 of the Dungeon.
You visited 1 branch of the dungeon, and saw 1 of its levels.

You collected 29 gold pieces.


Innate Abilities, Weirdness & Mutations

You are immune to sickness and miasma.
Your stone body is resilient. (AC +2)
You are immune to poison.
You resist negative energy. (rN+)
You are resistant to electric shocks. (rElec)
You are resistant to unholy torment.
You are immune to petrification.


   Skills:
 - Level 2.1 Fighting
 + Level 4.7 Ranged Weapons
 - Level 1.5 Dodging
 - Level 1.1 Stealth


You had one spell level left.
You didn't know any spells.
Your spell library was empty.

Inventory:

Hand Weapons
 a - a +0 shortbow (weapon)
Armour
 c - a +0 leather armour (worn)
Potions
 b - a potion of cancellation
 d - a potion of might {unknown}
 e - a potion of heal wounds {unknown}
 f - a potion of invisibility {unknown}

Dungeon Overview and Level Annotations

Branches:
Dungeon (1/15)

Altars:


Message History

The endoplasm quivers.
A jackal comes into view.
The endoplasm moves out of view.
You shoot an arrow. The arrow barely misses the jackal.
The arrow hits the plant.
The plant begins to die.
The plant is lightly damaged.
The jackal misses you.
You shoot an arrow. The arrow hits the jackal!
You kill the jackal!
The jackal bites you.
You shoot an arrow. The arrow misses the jackal.
The jackal bites you but does no damage. x2
The jackal bites you. The jackal barely misses you.
You shoot an arrow. The arrow hits the jackal.
The jackal is severely wounded.
A nearby plant withers and dies.
The jackal bites you. The jackal misses you.
The jackal bites you but does no damage.
You shoot an arrow.
The arrow hits the jackal but does no damage.
The jackal is severely wounded.
The jackal bites you but does no damage.
The jackal closely misses you.
The jackal bites you but does no damage.
You shoot an arrow. The arrow hits the jackal!
You kill the jackal!
The jackal misses you. The jackal bites you.
The endoplasm hits you but does no damage.
You shoot an arrow. The arrow barely misses the endoplasm.
The jackal barely misses you. The endoplasm freezes you.
You are frozen.
The jackal barely misses you.
You shoot an arrow. The arrow hits the endoplasm.
The endoplasm is severely wounded.
The jackal barely misses you. The endoplasm freezes you.
You are frozen.
342 ||| DRINKING 2 lumpy golden potions.
It was a potion of cancellation.
You feel magically purged. The jackal bites you.
You die...

#......#
#####......#
....+......#
#####......#
........##.#
#.#>#%#.##.#
#.###.#.##.######
...#....##......###
..###...##......@J#
###
###.##......#h..#
##
##..#.......##..#
>## #.#...#######
.~# #.# ##>..## ..~
<## ##.## ..~~ ###
###.# ~~~~
..###...# .P~~
)..#....#


You could see an endoplasm and a jackal.

Vanquished Creatures
  2 ball pythons (D:1)
  2 endoplasms (D:1)
  2 goblins (D:1)
  A hobgoblin (D:1)
  6 jackals (D:1)
  2 frilled lizards (D:1)
  A rat (D:1)
16 creatures vanquished.

Notes
Turn   | Place    | Note
-------+----------+-------------------------------------------
     0 | D:1      | qw the Gargoyle Hunter began the quest for the Orb.
     0 | D:1      | Reached XP level 1. HP: 12/12 MP: 1/1
     0 | D:1      | 0 ||| qw: Version: 0.3-a-106-g2cfff9e
     0 | D:1      | 0 ||| qw: Game counter: 2123
     0 | D:1      | 0 ||| qw: Melee chars always use a shield: true
     0 | D:1      | 0 ||| qw: God list: Okawaru
     0 | D:1      | 0 ||| qw: Allow faded altars: false
     0 | D:1      | 0 ||| qw: Do Orc after clearing Dungeon:15 true
     0 | D:1      | 0 ||| qw: Do second Lair branch before Depths: true
     0 | D:1      | 0 ||| qw: Lair rune preference: random
     0 | D:1      | 0 ||| qw: Goals: Normal, Save, Zot:1-4, Win
     0 | D:1      | 0 ||| PLANNING D:1-11
   106 | D:1      | Reached XP level 2. HP: 17/17 MP: 2/2
   181 | D:1      | 181 ||| DROPPING scroll of butterflies.
   341 | D:1      | HP: 1/17 [frozen (5)]
   342 | D:1      | 342 ||| DRINKING 2 lumpy golden potions.
   342 | D:1      | Slain by a jackal

Levels and vault maps discovered:
D:1:      onia_arrival_handbag, layout_basic, chequers_big_river,
          serial_bayou_ford_a

Action                     || total
---------------------------++-------
   Fire: Shortbow          ||    45
    Use: Potion            ||     1
 Armour: Leather armour    ||    27
  Dodge: Dodged            ||    24

Table legend:
 A = Non-vault XP
 B = Vault XP
 C = Vault XP percentage of total XP
 D = Non-vault monster count
 E = Vault monster count
 F = Vault count percentage of total count
                 A         B        C        D         E       F
            +---------+---------+-------+---------+---------+-------
      Total |      21 |       7 |  25.0 |      12 |       4 |  25.0
            +---------+---------+-------+---------+---------+-------
        D:1 |      21 |       7 |  25.0 |      12 |       4 |  25.0
            +---------+---------+-------+---------+---------+-------
